AoeStats
← 739697286

Pilgrims

507259642Analyzed
4v4 RM · 16d ago on Sep 17, 2026· 32m 44s· 8 players
Game mode
Random Map
Map size
Large (8 player)
Population
200
Speed
Normal
Resources
Standard
Victory
Conquest
Starting age
Dark Age
Ending age
Imperial Age
RankedLock teamsTeams togetherTeam positionsShared explorationLock speedFull tech treeHidden civsTurbo modeCheats
Victory
Defeat
🇭🇰 Burmese · Hong Kong SAR China
1526
+12
🇲🇽 Goths · Mexico
1502
+13
🇹🇼 Malay · Taiwan
1500
+13
🇫🇷 Cumans · France
1450
+17
1482
-15
🇷🇺 Teutons · Russia
1439
-14
🇨🇳 Persians · China
1433
-13
🇨🇳 Sicilians · China
1425
-13
Septim
6:57 Loom
11:30 Feudal Age
13:03 Double-Bit Axe
13:34 Fletching
21:07 Castle Age
24:55 Castle Age
30:01 Imperial Age
28:32 Horse Collar
叫我靓仔啊 扑街
4:18 Loom
10:46 Feudal Age
13:22 Double-Bit Axe
14:27 Fletching
22:24 Castle Age
22:39 Man-at-Arms
24:45 Gambesons
30:54 Scale Mail Armor
31:34 Long Swordsman
123456
5:05 Loom
12:43 Feudal Age
13:34 Double-Bit Axe
16:25 Castle Age
14:21 Fishing Lines
15:40 Horse Collar
17:18 Medium Warships
19:36 Wheelbarrow
22:55 Fletching
739697286
9:14 Feudal Age
14:01 Loom
17:32 Castle Age
Sunny Day
3:48 Loom
11:34 Feudal Age
16:36 Castle Age
15:09 Forging
14:45 Double-Bit Axe
18:02 Iron Casting
25:47 Horse Collar
29:10 Wheelbarrow
31:04 Bow Saw
CrazyBen
3:34 Loom
11:14 Feudal Age
13:17 Fletching
Dazkarich
6:21 Loom
13:14 Feudal Age
16:54 Castle Age
16:36 Horse Collar
17:40 Double-Bit Axe
18:37 Town Watch
19:55 Scale Mail Armor
26:55 Demolition Ship
34:11 Imperial Age
你朋友
9:00 Loom
11:01 Feudal Age
13:15 Fletching
17:34 Castle Age
16:36 Fishing Lines
18:12 Bodkin Arrow
19:10 Medium Warships
18:59 Gillnets
20:51 Ballistics
21:40 Clinker Construction
23:45 Careening
26:57 Town Watch
28:54 Horse Collar
30:26 Gold Mining
33:09 Wheelbarrow
Connection lost

Rejoining the realm…

Still unreachable

The connection could not be restored.

Session expired

The server has moved on; the page needs a fresh start.